SNL (28 & UNDER)
MONTGOMERY BISCUITS @ MEMPHIS BLUES
09/19/2025
 
TOP OF THE 1ST
Montgomery Biscuits batting - Pitching for Memphis Blues : RHP Pedro Orozco
Pitching: RHP Pedro Orozco
Batting: RHB Carlos Vásquez 0-0: Ball
1-0: Foul Ball, location: 2F
1-1: Ball
2-1: Ball
3-1: Ground out 5-3 (Groundball, 5L)
Batting: SHB Jack Estes 0-0: Ball
1-0: Ground out 1-3 (Groundball, 23)
Batting: RHB Yujiro Kurihara 0-0: Ball
1-0: Ball
2-0: Ball
3-0: Base on Balls
Batting: RHB Pete Smith 0-0: Ball
1-0: Ball
2-0: Ball
3-0: Called Strike
3-1: Base on Balls
Yujiro Kurihara to second
Batting: RHB Juan Díaz 0-0: Called Strike
0-1: DOUBLE (Line Drive, 7D)
Yujiro Kurihara scores
Pete Smith to third
Batting: LHB Curt Walker 0-0: Called Strike
0-1: Swinging Strike
0-2: Strikes out swinging
Top of the 1st over - 1 run(s), 1 hit(s), 0 error(s), 2 left on base; Montgomery 1 - Memphis 0
BOTTOM OF THE 1ST
Memphis Blues batting - Pitching for Montgomery Biscuits : LHP Jorge Estrada
Pitching: LHP Jorge Estrada
Batting: RHB Artie Green 0-0: Ball
1-0: Ball
2-0: Ball
3-0: Called Strike
3-1: Foul Ball, location: 2F
3-2: SINGLE (Groundball, 15S) (infield hit)
Batting: RHB Jaime Spiridon 0-0: Ball
1-0: Called Strike
1-1: Foul Ball, location: 2F
1-2: Ground out 5-3 (Groundball, 56S)
Artie Green to second
Batting: RHB Dave O'Neill 0-0: Ball
1-0: Foul Ball, location: 2F
1-1: Foul Ball, location: 2F
1-2: SINGLE (Groundball, 4MD)
Artie Green to third
Runner from 3rd tries for Home, SAFE, no throw or cutoff
Batting: LHB Chris Austin 0-0: Ball
1-0: Called Strike
1-1: Called Strike
1-2: Ball
2-2: Grounds into double play, 4-6-3 (Groundball, 4)
Bottom of the 1st over - 1 run(s), 2 hit(s), 0 error(s), 0 left on base; Montgomery 1 - Memphis 1
TOP OF THE 2ND
Montgomery Biscuits batting - Pitching for Memphis Blues : RHP Pedro Orozco
Batting: RHB Peyton Yardley 0-0: Ball
1-0: Called Strike
1-1: Ball
2-1: Fly out, F7 (Flyball, 8LXD)
Batting: RHB Warren Martin 0-0: Called Strike
0-1: Ball
1-1: Ball
2-1: Ball
3-1: Base on Balls
Batting: SHB Tony Echevarría 0-0: Ball
1-0: Called Strike
1-1: Ball
Pickoff Throw by Catcher to First - Error! E2
Warren Martin to second
2-1: Ball
3-1: Base on Balls
Batting: RHB Carlos Vásquez 0-0: Called Strike
0-1: Foul Ball, location: 2F
0-2: Foul Ball, location: 2F
0-2: Ball
1-2: Ground out 5-3 (Groundball, 5S)
Warren Martin to third
Tony Echevarría to second
Batting: SHB Jack Estes 0-0: Ball
1-0: Ball
2-0: Ball
3-0: Called Strike
3-1: Base on Balls
Batting: RHB Yujiro Kurihara 0-0: Called Strike
0-1: Ball
1-1: Fly out, F2 (Popup, 25F)
Top of the 2nd over - 0 run(s), 0 hit(s), 1 error(s), 3 left on base; Montgomery 1 - Memphis 1
BOTTOM OF THE 2ND
Memphis Blues batting - Pitching for Montgomery Biscuits : LHP Jorge Estrada
Batting: RHB Glenn Johnson 0-0: Ball
1-0: Fly out, F9 (Flyball, 9M)
Batting: LHB Ken Nelson 0-0: Ball
1-0: Fly out, F8 (Flyball, 8LM)
Batting: RHB Glenn Melican 0-0: Ball
1-0: Ball
2-0: DOUBLE (Flyball, 89M)
Batting: SHB Fernando Gutiérrez 0-0: Ball
1-0: Called Strike
1-1: Ball
2-1: Swinging Strike
2-2: Strikes out looking
Bottom of the 2nd over - 0 run(s), 1 hit(s), 0 error(s), 1 left on base; Montgomery 1 - Memphis 1
TOP OF THE 3RD
Montgomery Biscuits batting - Pitching for Memphis Blues : RHP Pedro Orozco
Batting: RHB Pete Smith 0-0: Ball
1-0: Ground out 4-3 (Groundball, 34)
Batting: RHB Juan Díaz 0-0: Fly out, F9 (Flyball, 89XD)
Batting: LHB Curt Walker 0-0: Foul Ball, location: 2F
0-1: Foul Ball, location: 2F
0-2: Ground out 6-3 (Groundball, 6M)
Top of the 3rd over - 0 run(s), 0 hit(s), 0 error(s), 0 left on base; Montgomery 1 - Memphis 1
BOTTOM OF THE 3RD
Memphis Blues batting - Pitching for Montgomery Biscuits : LHP Jorge Estrada
Batting: RHB Ángel Hernández 0-0: Swinging Strike
0-1: Ground out 4-3 (Groundball, 4)
Batting: RHB Artie Green 0-0: Ball
1-0: Foul Ball, location: 2F
1-1: Fly out, F7 (Flyball, 7D)
Batting: RHB Jaime Spiridon 0-0: Called Strike
0-1: Ball
1-1: Foul Ball, location: 2F
1-2: Foul Ball, location: 2F
1-2: Foul Ball, location: 2F
1-2: Foul Ball, location: 2F
1-2: Fly out, F8 (Flyball, 8RM)
Bottom of the 3rd over - 0 run(s), 0 hit(s), 0 error(s), 0 left on base; Montgomery 1 - Memphis 1
TOP OF THE 4TH
Montgomery Biscuits batting - Pitching for Memphis Blues : RHP Pedro Orozco
Batting: RHB Peyton Yardley 0-0: Ball
1-0: Called Strike
1-1: Foul Ball, location: 2F
1-2: Foul Ball, location: 2F
1-2: Foul Ball, location: 2F
1-2: Ball
2-2: Ball
3-2: Ground out 4-3 (Groundball, 4)
Batting: RHB Warren Martin 0-0: Ground out 5-3 (Groundball, 56)
Batting: SHB Tony Echevarría 0-0: Called Strike
0-1: Ball
1-1: Swinging Strike
1-2: Foul Ball, location: 2F
1-2: Strikes out swinging
Top of the 4th over - 0 run(s), 0 hit(s), 0 error(s), 0 left on base; Montgomery 1 - Memphis 1
BOTTOM OF THE 4TH
Memphis Blues batting - Pitching for Montgomery Biscuits : LHP Jorge Estrada
Batting: RHB Dave O'Neill 0-0: Swinging Strike
0-1: Foul Ball, location: 2F
0-2: Ball
1-2: Fly out, F9 (Flyball, 9D)
Batting: LHB Chris Austin 0-0: Called Strike
0-1: Called Strike
0-2: Ball
1-2: Ball
2-2: Foul Ball, location: 2F
2-2: Strikes out swinging
Batting: RHB Glenn Johnson 0-0: Ball
1-0: Fly out, F8 (Flyball, 8RD)
Bottom of the 4th over - 0 run(s), 0 hit(s), 0 error(s), 0 left on base; Montgomery 1 - Memphis 1
TOP OF THE 5TH
Montgomery Biscuits batting - Pitching for Memphis Blues : RHP Pedro Orozco
Batting: RHB Carlos Vásquez 0-0: Ball
1-0: SINGLE (Groundball, 5D)
Batting: SHB Jack Estes 0-0: Ball
1-0: Ball
2-0: DOUBLE (Flyball, 7LM)
Carlos Vásquez to third
Batting: RHB Yujiro Kurihara 0-0: Intentional Walk
Batting: RHB Pete Smith 0-0: Ball
1-0: Foul Ball, location: 2F
1-1: Ball
2-1: Ball
3-1: Grounds into fielders choice 4-2 (Groundball, 4)
Jack Estes to third
Yujiro Kurihara to second
Batting: RHB Juan Díaz 0-0: Fly out, F8 (Flyball, 8LM)
Runner from 3rd tags up, SCORES, throw made
Batting: LHB Curt Walker 0-0: Ball
1-0: Ball
2-0: SINGLE (Groundball, 4M)
Yujiro Kurihara to third
Pete Smith to second
Runner from 3rd tries for Home, SAFE, no throw or cutoff
Batting: RHB Peyton Yardley 0-0: Called Strike
0-1: Called Strike
0-2: Ball
1-2: Foul Ball, location: 2F
1-2: Foul Ball, location: 2F
1-2: Ball
2-2: Ball
3-2: SINGLE (Line Drive, 8LS)
Pete Smith to third
Curt Walker to second
Pete Smith scores
Curt Walker to third
Pitching: RHP Bill Long
Batting: RHB Warren Martin 0-0: Ball
1-0: Ball
2-0: SINGLE (Line Drive, 89S)
Curt Walker scores
Peyton Yardley to second
Batting: SHB Tony Echevarría 0-0: Swinging Strike
0-1: Ball
1-1: Fly out, F5 (Line Drive, 56S)
Top of the 5th over - 4 run(s), 5 hit(s), 0 error(s), 2 left on base; Montgomery 5 - Memphis 1
BOTTOM OF THE 5TH
Memphis Blues batting - Pitching for Montgomery Biscuits : LHP Jorge Estrada
Batting: LHB Ken Nelson 0-0: Fly out, F7 (Flyball, 7M)
Batting: RHB Glenn Melican 0-0: Called Strike
0-1: Swinging Strike
0-2: Foul Ball, location: 2F
0-2: Ground out 6-3 (Groundball, 6M)
Batting: SHB Fernando Gutiérrez 0-0: Called Strike
0-1: Swinging Strike
0-2: Ball
1-2: Strikes out swinging
Bottom of the 5th over - 0 run(s), 0 hit(s), 0 error(s), 0 left on base; Montgomery 5 - Memphis 1
TOP OF THE 6TH
Montgomery Biscuits batting - Pitching for Memphis Blues : RHP Bill Long
Batting: RHB Carlos Vásquez 0-0: Fly out, F9 (Flyball, 89XD)
Batting: SHB Jack Estes 0-0: Called Strike
0-1: Called Strike
0-2: Strikes out swinging
Batting: RHB Yujiro Kurihara 0-0: Ball
1-0: SINGLE (Groundball, 6)
Batting: RHB Pete Smith 0-0: Called Strike
0-1: Ball
1-1: Ball
2-1: Foul Ball, location: 2F
2-2: Fly out, F7 (Line Drive, 78D)
Top of the 6th over - 0 run(s), 1 hit(s), 0 error(s), 1 left on base; Montgomery 5 - Memphis 1
BOTTOM OF THE 6TH
Memphis Blues batting - Pitching for Montgomery Biscuits : LHP Jorge Estrada
Batting: RHB Ángel Hernández 0-0: Ball
1-0: Swinging Strike
1-1: Ball
2-1: Called Strike
2-2: Strikes out swinging
Batting: RHB Artie Green 0-0: Ball
1-0: Ball
2-0: Ball
3-0: Base on Balls
Batting: RHB Jaime Spiridon 0-0: Ball
1-0: Called Strike
1-1: Ball
2-1: Called Strike
2-2: Ball
3-2: Foul Ball, location: 2F
3-2: Fly out, F7 (Flyball, 78M)
Batting: RHB Dave O'Neill 0-0: Ball
1-0: Foul Ball, location: 2F
1-1: Foul Ball, location: 2F
1-2: Foul Ball, location: 2F
1-2: Foul Ball, location: 2F
1-2: Foul Ball, location: 2F
1-2: Fly out, F8 (Flyball, 8LD)
Bottom of the 6th over - 0 run(s), 0 hit(s), 0 error(s), 1 left on base; Montgomery 5 - Memphis 1
TOP OF THE 7TH
Montgomery Biscuits batting - Pitching for Memphis Blues : RHP Bill Long
Batting: RHB Juan Díaz 0-0: Ball
1-0: Ball
2-0: Foul Ball, location: 2F
2-1: Ball
3-1: Base on Balls
Batting: LHB Curt Walker 0-0: Ball
1-0: Ball
2-0: Swinging Strike
2-1: Called Strike
2-2: Foul Ball, location: 2F
2-2: 2-RUN HOME RUN (Flyball, 8LXD), Distance : 453 ft
Batting: RHB Peyton Yardley 0-0: Ball
1-0: Ball
2-0: Ground out 6-3 (Groundball, 6M)
Batting: RHB Warren Martin 0-0: Called Strike
0-1: Foul Ball, location: 2F
0-2: Ball
1-2: Ball
2-2: Ball
3-2: Foul Ball, location: 2F
3-2: Foul Ball, location: 2F
3-2: Foul Ball, location: 2F
3-2: Base on Balls
Batting: SHB Tony Echevarría 0-0: Ball
1-0: TRIPLE (Line Drive, 9LS)
Warren Martin scores
Pitching: RHP Lee Donahue
Batting: RHB Carlos Vásquez 0-0: Ball
1-0: Ground out 6-3 (Groundball, 6)
Tony Echevarría scores
Batting: SHB Jack Estes 0-0: Ball
1-0: Foul Ball, location: 2F
1-1: Foul Ball, location: 2F
1-2: Ball
2-2: Foul Ball, location: 2F
2-2: Ground out 4-3 (Groundball, 4M)
Top of the 7th over - 4 run(s), 2 hit(s), 0 error(s), 0 left on base; Montgomery 9 - Memphis 1
BOTTOM OF THE 7TH
Memphis Blues batting - Pitching for Montgomery Biscuits : LHP Jorge Estrada
Batting: LHB Chris Austin 0-0: DOUBLE (Flyball, 78D)
Batting: RHB Glenn Johnson 0-0: SINGLE (Groundball, 56D)
Chris Austin to third
Runner from 3rd tries for Home, SAFE, throw made home
Batting: LHB Ken Nelson 0-0: Ball
1-0: Ball
2-0: Ball
3-0: Called Strike
3-1: Foul Ball, location: 2F
3-2: Foul Ball, location: 2F
3-2: Strikes out swinging
Pitching: LHP Trevor Nichols
Batting: RHB Glenn Melican 0-0: Ball
1-0: Reached on error, E1 (Groundball, 25)
Glenn Johnson to second
Batting: SHB Fernando Gutiérrez 0-0: Called Strike
0-1: Foul Ball, location: 2F
0-2: Strikes out swinging
Batting: RHB Ángel Hernández 0-0: Swinging Strike
0-1: Ball
1-1: Fly out, F7 (Flyball, 7M)
Bottom of the 7th over - 1 run(s), 2 hit(s), 1 error(s), 2 left on base; Montgomery 9 - Memphis 2
TOP OF THE 8TH
Montgomery Biscuits batting - Pitching for Memphis Blues : RHP Lee Donahue
Batting: RHB Yujiro Kurihara 0-0: Ball
1-0: Called Strike
1-1: Ball
2-1: Fly out, F8 (Line Drive, 8RM)
Batting: RHB Pete Smith 0-0: Ball
1-0: Ball
2-0: Ball
3-0: Base on Balls
Batting: RHB Juan Díaz 0-0: Ball
1-0: SINGLE (Groundball, 6MD)
Pete Smith to second
Pinch Hitting: RHB Raúl Alejándrez 0-0: Called Strike
0-1: Grounds into double play, 4-6-3 (Groundball, 4)
Top of the 8th over - 0 run(s), 1 hit(s), 0 error(s), 1 left on base; Montgomery 9 - Memphis 2
BOTTOM OF THE 8TH
Memphis Blues batting - Pitching for Montgomery Biscuits : LHP Trevor Nichols
Now at 3B: Raúl Alejándrez
Batting: RHB Artie Green 0-0: Fly out, F8 (Popup, 4MD)
Batting: RHB Jaime Spiridon 0-0: Ball
1-0: Called Strike
1-1: Ball
2-1: Foul Ball, location: 2F
2-2: Ball
3-2: Foul Ball, location: 2F
3-2: Foul Ball, location: 2F
3-2: Base on Balls
Batting: RHB Dave O'Neill 0-0: Called Strike
0-1: Fly out, F8 (Line Drive, 8LD)
Runner from 1st tags up, SAFE at 2nd
Batting: LHB Chris Austin 0-0: Called Strike
0-1: Swinging Strike
0-2: Strikes out swinging
Bottom of the 8th over - 0 run(s), 0 hit(s), 0 error(s), 1 left on base; Montgomery 9 - Memphis 2
TOP OF THE 9TH
Montgomery Biscuits batting - Pitching for Memphis Blues : RHP Lee Donahue
Batting: RHB Peyton Yardley 0-0: Called Strike
0-1: Ground out 6-3 (Groundball, 6)
Batting: RHB Warren Martin 0-0: Called Strike
0-1: SINGLE (Groundball, 56D)
Batting: SHB Tony Echevarría 0-0: Ball
1-0: Fly out, F7 (Popup, 6D)
Batting: RHB Carlos Vásquez 0-0: Called Strike
Warren Martin is caught stealing 2nd base
Top of the 9th over - 0 run(s), 1 hit(s), 0 error(s), 0 left on base; Montgomery 9 - Memphis 2
BOTTOM OF THE 9TH
Memphis Blues batting - Pitching for Montgomery Biscuits : LHP Trevor Nichols
Now at 2B: Dave Williams
Batting: RHB Glenn Johnson 0-0: Ball
1-0: Swinging Strike
1-1: Ball
2-1: Swinging Strike
2-2: Strikes out looking
Batting: LHB Ken Nelson 0-0: Called Strike
0-1: Swinging Strike
0-2: Ball
1-2: Strikes out looking
Batting: RHB Glenn Melican 0-0: Called Strike
0-1: Foul Ball, location: 2F
0-2: Ball
1-2: Foul Ball, location: 2F
1-2: Strikes out swinging
Bottom of the 9th over - 0 run(s), 0 hit(s), 0 error(s), 0 left on base; Montgomery 9 - Memphis 2
This league is powered by Out of the Park Baseball, the baseball management simulation game for PC, Mac and Linux
Tuesday, August 2nd, 2016 - OOTP Baseball 16.8 Build 38